 Dungeon Crawl Stone Soup version bcrawl-1.33.1b (webtiles) character file.

Game seed: 7350197934031014777

186258 LightDishonored the Conjurer (level 6, 0/67 HPs)
             Began as a Draconian Conjurer on Aug 25, 2021.
             Slain by a worker ant (3 damage)
             ... on level 4 of the Dungeon.
             The game lasted 00:32:06 (2918 turns).

LightDishonored the Conjurer (Draconian Conjurer)   Turns: 2918, Time: 00:32:07

Health: 0/67       AC: 23    Str: 13 (15) XL:     6   Next: 26%
Magic:  4/12       EV:  1    Int: 19 (21) God:
Gold:   205        SH:  0    Dex: 16 (17) Spells: 3/13 levels left

rFire    . . .     SeeInvis .   b - +2 dagger (holy)
rCold    . . .     Gourm    .   (no shield)
rNeg     + + +     Faith    .   (armour unavailable)
rPois    +         Spirit   .   (helmet currently unavailable)
rElec    .         Reflect  .   (cloak currently unavailable)
rCorr    .         Harm     .   (gloves currently unavailable)
MR       .....     NoTele   +   (boots currently unavailable)
Stlth    +++.......             (no amulet)
HPRegen  0.21/turn              l - ring of wizardry
MPRegen  0.13/turn              p - +4 ring of intelligence (curse)

@: mighty, agile, tree-form (expiring)
A: giant, unfitting armour, AC +6
a: no special abilities


You were on level 4 of the Dungeon.
You were very hungry.
You were a tree.
You visited 1 branch of the dungeon, and saw 4 of its levels.

You collected 205 gold pieces.

Inventory:

Hand Weapons
 b - a +2 dagger of holy wrath (weapon)
Armour
 i - a +1 pair of boots (melded)
 j - a +0 pair of boots
 n - a +0 pair of gloves (melded)
Jewellery
 l - a ring of wizardry (left branch)
 p - a cursed +4 ring of intelligence (right branch)
Scrolls
 d - 4 scrolls of enchant armour
 f - a scroll of remove curse
 m - a scroll of teleportation
Potions
 g - 2 potions of degeneration
Comestibles
 e - 5 rations {!d}


   Skills:
 + Level 3.1 Dodging
 + Level 2.6 Stealth
 + Level 4.1 Spellcasting
 + Level 5.4 Conjurations
 + Level 0.1 Hexes


You had 3 spell levels left.
You knew the following spells:

 Your Spells              Type           Power        Failure   Level  Hunger
a - Magic Dart            Conj           ###.         1%          1    None
b - Searing Ray           Conj           ###.....     1%          2    None
c - Iskenderun's Mystic   Conj           ###.....     1%          3    ###....
d - Fulminant Prism       Conj/Hex       ##........   17%         4    #####..

Your spell library contained the following spells:

 Spells                   Type           Power        Failure   Level  Hunger
 Dazzling Orbs            Conj/Hex       ##.....      5%          3    ###....
 Confuse                  Hex            #.......     16%         3    ###....
 Irradiate                Conj/Tmut      ##........   43%         5    ######.
 Petrify                  Tmut/Erth      #.........   45%         4    #####..
 Yara's Violent Unravell  Hex/Tmut       #.........   45%         4    #####..
 Metabolic Englaciation   Hex/Ice        #.........   78%         5    ######.
 Mana Rupture             Conj/Hex       ##........   100%        7    #######


Dungeon Overview and Level Annotations

Branches:
Dungeon (4/12)
 Temple: D:4-7

Altars:
Elyvilon
Fedhas
Wu Jian
Zin
The Shining One


Innate Abilities, Weirdness & Mutations

((Your plain brown scales are hard. (AC +6)))
You cannot fit into any form of body armour.
((You are cold-blooded and may be slowed by cold attacks.))


Message History

The worker ant bites you but does no damage.
You hear some strange, mumbled words.
A puff of flame appears from out of thin air!
The puff of flame hits you but does no damage.
Something hits you but does no damage.
The worker ant bites you but does no damage. x2
Your Spellcasting skill increases to level 4!
You puncture something!
Reactivating autopickup.
You feel a bit more experienced.
Your transformation is almost over.
The worker ant bites you.
* * * LOW HITPOINT WARNING * * *
You hear some strange, mumbled words.
A magic dart appears from out of thin air!
Deactivating autopickup; reactivate with Ctrl-A.
The magic dart hits you.
* * * LOW HITPOINT WARNING * * *
The worker ant bites you.
You die...

.# #.. ###..
... #.. .....
...#..#+#.#..#
+..#.........#
#.#..........#
.......^.....
#.a†.......
#<)♣.......
#.{†a.....#
#..........#...
............# #
.......##..##
.......# ....
..)..... .#...
........ .#....
....... ...


You could see 2 worker ants.

Vanquished Creatures
  3 howler monkeys
  A crimson imp (D:4)
  2 orc wizards (D:4)
  An iguana (D:4)
  A worker ant (D:4)
  An adder (D:3)
  A shadow imp (D:3)
  An ooze (D:3)
  2 worms (D:2)
  2 dart slugs (D:1)
  5 leopard geckos
  An orc (D:3)
  3 bats
  5 giant cockroaches
  6 goblins
  12 hobgoblins
  7 jackals
  7 kobolds
  7 rats
68 creatures vanquished.

Vanquished Creatures (others)
  A fulminant prism (D:4)
1 creature vanquished.

Grand Total: 69 creatures vanquished

Notes
Turn   | Place    | Note
-------+----------+-------------------------------------------
     0 | D:1      | LightDishonored the Draconian Conjurer began the quest for
                  | the Orb.
     0 | D:1      | Reached XP level 1. HP: 14/14 MP: 3/3
   232 | D:1      | Reached XP level 2. HP: 20/20 MP: 3/5
   235 | D:1      | Learned a level 2 spell: Searing Ray
   767 | D:1      | Reached XP level 3. HP: 26/26 MP: 4/6
   771 | D:1      | Learned a level 3 spell: Iskenderun's Mystic Blast
  1260 | D:2      | Found an ornate altar of the Wu Jian Council.
  1934 | D:3      | Reached XP level 4. HP: 28/33 MP: 2/8
  2135 | D:3      | Found a white marble altar of Elyvilon.
  2135 | D:3      | Found a glowing silver altar of Zin.
  2136 | D:3      | Found a glowing golden altar of the Shining One.
  2323 | D:3      | Reached skill level 5 in Conjurations
  2592 | D:3      | Found a faded altar of an unknown god.
  2644 | D:3      | Found a blossoming altar of Fedhas.
  2656 | D:3      | Reached XP level 5. HP: 38/38 MP: 4/10
  2662 | D:3      | Learned a level 4 spell: Fulminant Prism
  2905 | D:4      | Reached XP level 6. HP: 37/45 MP: 3/11
  2918 | D:4      | HP: 3/67 [something/magic dart (5)]
  2918 | D:4      | Slain by a worker ant

Skill      XL: |  1  2  3  4  5  6 |
---------------+-------------------+-----
Dodging        | 2 3 |  3.1
Spellcasting   | 3 4 |  4.1
Conjurations   | 5 |  5.4
Stealth        | |  2.6
Hexes          | |  0.1

Action                   |  1- 3 |  4- 6 || total
-------------------------+-------+-------++-------
Melee: Dagger            |    69 |    27 ||    96
       Unarmed           |     1 |       ||     1
       Tailslap          |     1 |       ||     1
 Cast: Magic Dart        |    78 |    26 ||   104
       Searing Ray       |     5 |     1 ||     6
       Iskenderun's Myst |     3 |    10 ||    13
       Fulminant Prism   |       |     1 ||     1
  Use: Scroll            |     7 |       ||     7
       Potion            |       |    10 ||    10
  Eat: Chunk             |     7 |     5 ||    12
Armor: Skin              |    23 |   125 ||   148
Dodge: Dodged            |    54 |     5 ||    59
